 Dungeon Crawl Stone Soup version 0.31-a0-233-g139696d (webtiles) character file.

Game seed: 12701629822280609627

4425 OneMonsteRemaining the Merchant of Misery (level 10, -3/76 HPs)
             Began as a Human Necromancer on July 9, 2023.
             Was a Believer of Kikubaaqudgha.
             Slain by a two-headed ogre
             ... wielding a +0 giant spiked club
              (11 damage)
             ... on level 8 of the Dungeon.
             The game lasted 00:14:46 (7433 turns).

OneMonsteRemaining the Merchant of Misery (HuNe)    Turns: 7433, Time: 00:14:46

Health: -3/76      AC: 11    Str:  9    XL:     10   Next: 62%
Magic:  6/18       EV: 13    Int: 26    God:    Kikubaaqudgha [**....]
Gold:   400        SH:  0    Dex: 13    Spells: 12/20 levels left

rFire   . . .        b - +10 whip "Zuenioxt" {flame, rElec}
rCold   . . .        (no shield)
rNeg    . . .        k - +5 leather armour of Bulouzuo {Will+ rCorr}
rPois   .            (no helmet)
rElec   +            s - +0 cloak
rCorr   +            (no gloves)
SInv    .            d - +0 pair of boots
Will    +....        (no amulet)
Stlth   ++           o - +6 ring of intelligence
HPRegen 0.32/turn    (no ring)
MPRegen 0.16/turn

%: no passive effects
@: no status effects
A: no striking features
a: Renounce Religion, Unearth Wretches


You were on level 8 of the Dungeon.
You worshipped Kikubaaqudgha.
Kikubaaqudgha was pleased with you.
You visited 2 branches of the dungeon, and saw 10 of its levels.

You collected 400 gold pieces.

Inventory:

Hand Weapons
 a - a +2 shortbow of electrocution
 b - the +10 whip "Zuenioxt" (weapon) {flame, rElec}
   (You found it on level 6 of the Dungeon)

   rElec:     It insulates you from electricity.
 t - a +4 dagger of venom
Missiles
 f - 13 poisoned darts (quivered)
Armour
 d - a +0 pair of boots (worn)
 k - the +5 leather armour of Bulouzuo (worn) {Will+ rCorr}
   (You found it on level 2 of the Dungeon)

   rCorr:     It protects you from acid and corrosion.
   Will:      It increases your willpower.
 s - a +0 cloak (worn)
 w - a +1 leather armour of fire resistance
Magical Staves
 x - a staff of death
Jewellery
 l - the Hermit's Pendant {Faith Invo=14 Evo=0 MP+5}
   (You found it on level 3 of the Dungeon)

   [amulet of faith]

   Invo=14: It sets your Invocations skill to 14.
   Evo=0: It sets your Evocations skill to 0.
   It allows you to gain divine favour quickly.
   MP:        It affects your magic capacity (+5).
 o - a +6 ring of intelligence (left hand)
Scrolls
 c - 4 scrolls of identify {unknown}
 g - 6 scrolls of teleportation {unknown}
 h - 2 scrolls of vulnerability {unknown}
 j - 2 scrolls of revelation {unknown}
 u - a scroll of noise {unknown}
 y - a scroll of immolation {unknown}
Potions
 e - 2 potions of magic
 i - a potion of invisibility
 m - a potion of brilliance {unknown}
 n - 3 potions of curing
 p - 2 potions of enlightenment {unknown}
 q - 2 potions of ambrosia
 r - 3 potions of heal wounds
 v - a potion of haste {unknown}


   Skills:
 + Level 5.9 Fighting
 + Level 5.9 Armour
 + Level 6.1 Dodging
 - Level 2.0 Stealth
 + Level 5.8 Spellcasting
 * Level 9.7 Necromancy


You had 12 spell levels left.
You knew the following spells:

 Your Spells              Type           Power      Damage    Failure   Level
a - Necrotise             Necr           100%       1d9       1%          1
b - Vampiric Draining     Necr           55%        2d9       1%          3
c - Blink                 Tloc           14%        N/A       14%         2
d - Sublimation of Blood  Necr           55%        N/A       1%          2

Your spell library contained the following spells:

 Spells                   Type           Power      Damage    Failure   Level
 Kiss of Death            Conj/Necr      100%       2d13      1%          1
 Animate Dead             Necr           55%        N/A       1%          4
 Agony                    Necr           55%        N/A       4%          5
 Ensorcelled Hibernation  Hex/Ice        14%        N/A       14%         2
 Lesser Beckoning         Tloc           14%        N/A       14%         2
 Momentum Strike          Conj/Tloc      14%        3d8       14%         2
 Passwall                 Tmut/Erth      5%         N/A       14%         2
 Dazzling Flash           Conj/Hex       14%        N/A       28%         3
 Swiftness                Air            7%         N/A       28%         3
 Passage of Golubria      Tloc           7%         N/A       67%         4
 Silence                  Hex/Air        3%         N/A       95%         5
 Lehudib's Crystal Spear  Conj/Erth      3%         10d3      100%        8


Dungeon Overview and Level Annotations

Branches:
Dungeon (9/15)             Temple (1/1) D:4            Lair (0/5) D:8
    Orc: D:9-12

Altars:
Ashenzari
Cheibriados
Dithmenos
Elyvilon
Fedhas
Gozag
Kikubaaqudgha
Makhleb
Okawaru
Qazlal
Ru
Trog
Vehumet
Wu Jian
Zin
The Shining One

Shops:
D:7 (

Annotations:
D:2 1 runed translucent door, Crazy Yiuf


Message History

Press: ? - help, Shift-Dir - straight line, f/p - two-headed ogre
Aim: a two-headed ogre, wielding two +0 giant spiked clubs (heavily wounded)
You draw life force from the two-headed ogre.
You feel life coursing into your body.
The two-headed ogre hits you with a +0 giant spiked club!
The two-headed ogre hits you with a +0 giant spiked club!!
Unknown command.
Casting: Vampiric Draining (safe; 1% risk of failure)
Confirm with . or Enter, or press ? or * to list all spells.
Aiming: Vampiric Draining (safe; 1% risk of failure)
Press: ? - help, Shift-Dir - straight line, f/p - two-headed ogre
Aim: a two-headed ogre, wielding two +0 giant spiked clubs (heavily wounded)
You draw life force from the two-headed ogre!
You feel life coursing into your body.
Unknown command.
Unknown command.
Casting: Vampiric Draining (safe; 1% risk of failure)
Confirm with . or Enter, or press ? or * to list all spells.
Aiming: Vampiric Draining (safe; 1% risk of failure)
Press: ? - help, Shift-Dir - straight line, f/p - two-headed ogre
Aim: a two-headed ogre, wielding two +0 giant spiked clubs (severely wounded)
You draw life force from the two-headed ogre!
You feel life coursing into your body.
The two-headed ogre hits you with a +0 giant spiked club!
* * * LOW HITPOINT WARNING * * *
The two-headed ogre hits you with a +0 giant spiked club!
* * * LOW HITPOINT WARNING * * *
Unknown command.
Casting: Vampiric Draining (safe; 1% risk of failure)
Confirm with . or Enter, or press ? or * to list all spells.
Aiming: Vampiric Draining (safe; 1% risk of failure)
Press: ? - help, Shift-Dir - straight line, f/p - two-headed ogre
Aim: a two-headed ogre, wielding two +0 giant spiked clubs (almost dead)
You draw life force from the two-headed ogre!
You feel life coursing into your body.
The two-headed ogre hits you with a +0 giant spiked club.
* * * LOW HITPOINT WARNING * * *
The two-headed ogre hits you with a +0 giant spiked club!
You die...
Kikubaaqudgha rasps: "You have failed me!
Welcome... death!"

.... ###### ... ##....# ...
##.....## .. #.......# .#
##.......## ##.# ##.#
#.......... ###..## #O.#
##.........# ##.....# #@#
#........... #......# #.#
##........... #......###.#
#[..........) #.......##.#
##............
#.......##.###.............
#....<..##..##...........##
##.....##....##..........#
##...###.....#.).......##
###..#..#....#........#


You could see a two-headed ogre.

Vanquished Creatures
  A two-headed ogre (D:7)
  Pikel (D:8)
  Maggie (D:6)
  A wyvern (D:8)
  A wraith (D:7)
  4 yaks
  2 steam dragons
  3 water moccasins
  An ogre (D:6)
  4 centaurs (D:7)
  A lemure (D:8)
  3 phantoms (D:6)
  A kobold brigand (D:9)
  3 scorpions
  3 killer bees (D:8)
  A hound (D:6)
  3 jellies
  2 orc priests
  A gnoll bouda (D:7)
  2 iguanas
  Natasha (thrice) (D:2)
  8 gnolls
  10 adders
  A shadow imp (D:3)
  An ufetubus (D:5)
  4 dart slugs
  21 orcs
  10 bats
  3 endoplasms (D:1)
  3 giant cockroaches
  7 goblins
  8 hobgoblins
  6 jackals
  3 quokkas
  7 ball pythons
  3 frilled lizards
  12 kobolds
  11 rats
160 creatures vanquished.

Vanquished Creatures (collateral kills)
  A rat (D:1)
1 creature vanquished.

Grand Total: 161 creatures vanquished

Notes
Turn   | Place    | Note
-------+----------+-------------------------------------------
     0 | D:1      | OneMonsteRemaining the Human Necromancer began the quest
                  | for the Orb.
     0 | D:1      | Reached XP level 1. HP: 13/13 MP: 3/3
   125 | D:1      | Reached XP level 2. HP: 15/19 MP: 1/5
   607 | D:1      | Reached XP level 3. HP: 25/25 MP: 3/6
   611 | D:1      | Learned a level 3 spell: Vampiric Draining
   766 | D:1      | Reached skill level 1 in Fighting
  1005 | D:2      | Identified the +5 leather armour of Bulouzuo {Will+ rCorr}
  1084 | D:2      | Found an iron altar of Okawaru.
  1372 | D:2      | Reached skill level 1 in Armour
  1397 | D:2      | Reached XP level 4. HP: 32/32 MP: 7/7
  1682 | D:2      | Noticed Natasha
  1696 | D:2      | Killed Natasha
  1761 | D:2      | Reached XP level 5. HP: 37/37 MP: 8/8
  1772 | D:2      | Found a runed translucent door.
  1773 | D:2      | Noticed Crazy Yiuf
  2008 | D:2      | Noticed Natasha
  2014 | D:2      | Killed Natasha
  2213 | D:2      | Noticed Natasha
  2226 | D:2      | Killed Natasha
  2227 | D:2      | Reached skill level 5 in Necromancy
  2995 | D:3      | Found a faded altar of an unknown god.
  2995 | D:3      | Found the Hermit's Pendant {Faith Invo=14 Evo=0 MP+5}
  3123 | D:3      | Reached XP level 6. HP: 43/44 MP: 3/10
  3202 | D:4      | Found a staircase to the Ecumenical Temple.
  3264 | Temple   | Entered the Ecumenical Temple
  3477 | Temple   | Became a worshipper of Kikubaaqudgha
  3602 | D:4      | Noticed a water moccasin
  3616 | D:4      | Killed a water moccasin
  3704 | D:4      | Reached XP level 7. HP: 46/51 MP: 11/11
  3787 | D:4      | Found a sacrificial altar of Ru.
  3939 | D:4      | Learned a level 2 spell: Blink
  4004 | D:5      | Entered Level 5 of the Dungeon
  4112 | D:5      | Noticed a water moccasin
  4125 | D:5      | Killed a water moccasin
  4126 | D:5      | Reached skill level 6 in Necromancy
  4189 | D:5      | Reached * piety under Kikubaaqudgha
  4189 | D:5      | Received a gift from Kikubaaqudgha
  4195 | D:5      | Learned a level 2 spell: Sublimation of Blood
  4588 | D:6      | Identified the +10 whip "Zuenioxt" {flame, rElec}
  4689 | D:6      | Noticed Maggie
  4734 | D:6      | Reached XP level 8. HP: 52/58 MP: 9/13
  5091 | D:6      | Killed Maggie
  5092 | D:6      | Reached skill level 7 in Necromancy
  5371 | D:6      | Reached XP level 9. HP: 65/65 MP: 15/15
  5766 | D:7      | Noticed a two-headed ogre
  5864 | D:7      | Found Kipixumo's Weapon Shop.
  5885 | D:7      | Reached skill level 8 in Necromancy
  5960 | D:7      | Found an ornate altar of the Wu Jian Council.
  5992 | D:7      | Reached skill level 5 in Dodging
  6043 | D:7      | Killed a two-headed ogre
  6044 | D:7      | Reached skill level 5 in Fighting
  6044 | D:7      | Reached skill level 5 in Armour
  6044 | D:7      | Reached skill level 5 in Spellcasting
  6191 | D:7      | Found a burning altar of Makhleb.
  6203 | D:7      | Reached XP level 10. HP: 58/74 MP: 17/17
  6691 | D:8      | Reached skill level 9 in Necromancy
  7101 | D:8      | Reached ** piety under Kikubaaqudgha
  7130 | D:8      | Found a staircase to the Lair.
  7134 | D:8      | Noticed Pikel
  7211 | D:8      | Killed Pikel
  7422 | D:8      | Noticed a two-headed ogre
  7433 | D:8      | Slain by a two-headed ogre

Illustrated notes

Levels and vault maps discovered:
D:1:      heliophobic_arrival_battle_scene, layout_loops_cross
D:2:      layout_loops_ring, serial_forest, infiniplex_forest_clump_tiny,
          infiniplex_forest_end_2, infiniplex_forest_clump_small,
          infiniplex_forest_lined_3_way, infiniplex_forest_lined_room_2,
          infiniplex_forest_clump_large, infiniplex_forest_zigzag_1,
          infiniplex_forest_3_way, infiniplex_forest_lined_2, basic_altar,
          uniq_natasha, uniq_crazy_yiuf_cottage
D:3:      layout_loops_ring, minivault_19, chequers_serial_rivers_marsh,
          hellmonk_guarded_unrand_hermit
D:4:      layout_rooms, mainiacjoe_overflow_paths, temple_doors_e
D:5:      layout_rooms
D:6:      minmay_skewed_foursquare, layout_basic, uniq_maggie
D:7:      layout_cave_pools, mainiacjoe_overflow_concentric_impassable,
          mainiacjoe_overflow_cross_hatched, serial_shops, nicolae_shop_crystal
D:8:      layout_cave_pods, lair_entry_dummy, enter_bailey_2,
          nicolae_the_louvre, uniq_pikel
D:9:      minmay_evil_eye, layout_gridville, mainiacjoe_overflow_24_doors,
          kennysheep_orc_monster_closet_entryway, uniq_psyche, uniq_harold,
          uniq_gastronok, uniq_maurice
Temple:   dpeg_five_rooms_temple

Skill      XL: |  1  2  3  4  5  6  7  8  9 10 |
---------------+-------------------------------+-----
Fighting       | 1 2 3 4 5 |  5.9
Armour         | 1 2 3 5 |  5.9
Necromancy     | 5 6 7 8 9 |  9.7
Dodging        | 3 4 5 6 |  6.1
Spellcasting   | 3 4 5 |  5.8
Stealth        | |  2.0

Action                     |  1- 3 |  4- 6 |  7- 9 | 10-12 || total
---------------------------+-------+-------+-------+-------++-------
  Melee: Unarmed           |     5 |       |       |       ||     5
         Trident           |    47 |     2 |       |       ||    49
         Dagger            |       |    98 |    65 |       ||   163
         Punch             |       |     1 |     3 |     1 ||     5
         Staff             |       |    16 |       |       ||    16
         Whip              |       |       |    99 |    77 ||   176
   Fire: Shortbow          |       |       |     2 |    21 ||    23
  Throw: Dart              |     2 |       |       |       ||     2
   Cast: Necrotise         |    37 |    14 |    16 |     7 ||    74
         Vampiric Draining |       |     6 |    10 |    17 ||    33
    Use: Potion            |       |     2 |     1 |       ||     3
   Stab: Sleeping          |     4 |     1 |     2 |       ||     7
         Distracted        |       |       |       |     1 ||     1
 Armour: Robe              |     8 |       |       |       ||     8
         Leather armour    |     5 |    60 |    81 |    39 ||   185
  Dodge: Dodged            |    33 |    74 |   110 |    67 ||   284

Table legend: (Time is in decaauts)
 A = Elapsed time spent in this place.
 B = Non-inter-level travel time spent in this place.
 C = Inter-level travel time spent in this place.
 D = Time resting spent in this place.
 E = Time spent auto-exploring this place.
 F = Levels seen in this place.
 G = Mean time per level.
                   A        B        C        D        E       F      G
               +--------+--------+--------+--------+--------+-----+--------+
         Total |   7472 |   7057 |    415 |    511 |   4771 |  10 |  747.2 |
       Dungeon |   7226 |   6843 |    383 |    511 |   4572 |   9 |  802.9 |
        Temple |    246 |    214 |     32 |      0 |    199 |   1 |  246.0 |
               +--------+--------+--------+--------+--------+-----+--------+

Top non-repeatable levels by time:
     D:2: 1457 daAuts
     D:6: 1212 daAuts
     D:3: 924 daAuts
     D:7: 907 daAuts
     D:1: 861 daAuts
     D:8: 605 daAuts
     D:5: 578 daAuts
     D:4: 529 daAuts
  Temple: 246 daAuts
     D:9: 148 daAuts
